AoeStats
← Kuri

Four Lakes

509438070Analyzed
1v1 RM · 6d ago on Sep 26, 2026· 47m 51s· 2 players
Game mode
Random Map
Map size
Tiny (2 player)
Population
200
Speed
Normal
Resources
Standard
Victory
Conquest
Starting age
Dark Age
Ending age
Imperial Age
RankedLock teamsTeams togetherTeam positionsShared explorationLock speedFull tech treeHidden civsTurbo modeCheats
Victory
Defeat
🇧🇷 Vietnamese · Brazil
1205
+15
🇪🇸 Saracens · Spain
1174
-15
Kuri
7:41 Loom
10:53 Feudal Age
11:19 Horse Collar
11:25 Double-Bit Axe
15:12 Fletching
18:06 Castle Age
16:22 Padded Archer Armor
16:32 Gold Mining
18:49 Wheelbarrow
18:27 Crossbowman
19:24 Bow Saw
19:12 Bodkin Arrow
19:26 Town Watch
19:57 Hand Cart
20:39 Pikeman
22:41 Stone Mining
23:07 Thumb Ring
24:09 Ballistics
25:51 Squires
27:00 Arson
33:26 Imperial Age
31:48 Town Patrol
33:15 Masonry
33:04 Murder Holes
33:25 Forging
33:15 Scale Mail Armor
33:57 Arbalester
35:20 Chain Mail Armor
36:32 Bracer
37:08 Iron Casting
37:55 Chemistry
37:46 Leather Archer Armor
38:02 Plate Mail Armor
38:47 Hoardings
37:57 Halberdier
39:17 Siege Engineers
46:17 Ring Archer Armor
texu
4:22 Loom
5:08 Loom
10:42 Feudal Age
12:37 Double-Bit Axe
13:05 Horse Collar
16:42 Castle Age
23:44 Bloodlines
23:35 Husbandry
23:55 Fishing Lines
25:35 Man-at-Arms
27:22 Gold Mining
27:42 Gillnets
30:14 Bow Saw
34:27 Imperial Age
32:34 Wheelbarrow
32:50 Fletching
33:07 Scale Barding Armor
33:47 Ballistics
36:08 Chemistry
35:05 Bodkin Arrow
36:24 Bracer
38:04 Elite Mameluke
40:13 Padded Archer Armor
40:37 Chain Barding Armor
42:30 Bimaristan
43:22 Hand Cart
42:52 Town Watch
43:51 Plate Barding Armor
43:33 Leather Archer Armor
Connection lost

Rejoining the realm…

Still unreachable

The connection could not be restored.

Session expired

The server has moved on; the page needs a fresh start.